SA
TENNESSEE SMOKIES @ PONTIAC GODFATHERS
09/03/2042
 
TOP OF THE 1ST
Tennessee Smokies batting - Pitching for Pontiac Godfathers : LHP Les Wright
Pitching: LHP Les Wright
Batting: RHB Darrell MacGregor 0-0: Ball
1-0: Fly out, F9 (Flyball, 9, EV 89.4 MPH)
Batting: LHB Jason Durkin 0-0: Ball
1-0: Ball
2-0: Ball
3-0: Base on Balls
Batting: RHB Yoshitora Nakayama 0-0: Called Strike
0-1: Called Strike
0-2: Ball
1-2: Ball
2-2: Fly out, F8 (Flyball, 8LM, EV 82.5 MPH)
Batting: LHB Vance Lee 0-0: SINGLE (Flyball, 7S, EV 90.0 MPH)
Jason Durkin to second
Batting: LHB Royce Rolls 0-0: Ball
1-0: Swinging Strike
1-1: Swinging Strike
1-2: Foul Ball, location: 2F
1-2: Strikes out swinging, 2-3 out at first.
Top of the 1st over - 0 runs, 1 hit, 0 errors, 2 left on base; Tennessee 0 - Pontiac 0
BOTTOM OF THE 1ST
Pontiac Godfathers batting - Pitching for Tennessee Smokies : RHP Alfredo Rincón
Pitching: RHP Alfredo Rincón
Batting: RHB Gary Bly 0-0: Foul Ball, location: 2F
0-1: Ball
1-1: Swinging Strike
1-2: Fly out, F8 (Flyball, 8RS, EV 90.6 MPH)
Batting: RHB José Rivera 0-0: Ball
1-0: Swinging Strike
1-1: Foul Ball, location: 2F
1-2: Ball
2-2: Foul Ball, location: 2F
2-2: Ball
3-2: SINGLE (Line Drive, 9S, EV 87.5 MPH)
Batting: LHB Brad Dyer 0-0: Called Strike
0-1: Ball
1-1: Foul Ball, location: 2F
1-2: Foul Ball, location: 2F
1-2: 2-RUN HOME RUN (Flyball, 89XD, EV 95.0 MPH), Distance : 394 ft
Batting: RHB John Williams 0-0: Called Strike
0-1: Fly out, F9 (Flyball, 9D, EV 91.2 MPH)
Batting: RHB Pancho Achio 0-0: Called Strike
0-1: Ball
1-1: SINGLE (Groundball, 34, EV 81.2 MPH) (infield hit)
Batting: SHB Mike Sherman 0-0: Ball
1-0: Ball
2-0: Called Strike
2-1: Swinging Strike
2-2: Strikes out swinging
Bottom of the 1st over - 2 runs, 3 hits, 0 errors, 1 left on base; Tennessee 0 - Pontiac 2
TOP OF THE 2ND
Tennessee Smokies batting - Pitching for Pontiac Godfathers : LHP Les Wright
Batting: RHB Charles Stevenson 0-0: Fly out, F8 (Flyball, 8LM, EV 85.0 MPH)
Batting: LHB Pedro Delava 0-0: Called Strike
0-1: Called Strike
0-2: Strikes out looking
Batting: RHB Rickey Ritter 0-0: Called Strike
0-1: Ball
1-1: Ball
2-1: Fly out, F7 (Flyball, 7LM, EV 88.8 MPH)
Top of the 2nd over - 0 runs, 0 hits, 0 errors, 0 left on base; Tennessee 0 - Pontiac 2
BOTTOM OF THE 2ND
Pontiac Godfathers batting - Pitching for Tennessee Smokies : RHP Alfredo Rincón
Batting: LHB Nathaniel Gordon 0-0: Called Strike
0-1: Foul Ball, location: 2F
0-2: Foul Ball, location: 2F
0-2: Ball
1-2: Foul Ball, location: 2F
1-2: Ball
2-2: SINGLE (Flyball, 78S, EV 95.0 MPH)
Batting: RHB Rich Pope 0-0: Fly out, F9 (Flyball, 9, EV 93.1 MPH)
Batting: RHB Santiago Tirado 0-0: Ball
Wild Pitch!
Nathaniel Gordon to second
1-0: Fly out, F6 (Popup, 6, EV 72.5 MPH)
Batting: RHB Gary Bly 0-0: Swinging Strike
0-1: Ball
1-1: Ball
2-1: SINGLE (Line Drive, 56, EV 97.5 MPH)
Nathaniel Gordon to third
Runner from 3rd tries for Home, SAFE, throw by LF to home
Batting: RHB José Rivera 0-0: Foul Ball, location: 2F
0-1: Fly out, F7 (Line Drive, 7, EV 93.8 MPH)
Bottom of the 2nd over - 1 run, 2 hits, 0 errors, 1 left on base; Tennessee 0 - Pontiac 3
TOP OF THE 3RD
Tennessee Smokies batting - Pitching for Pontiac Godfathers : LHP Les Wright
Batting: RHB Dave Dickey 0-0: Ball
1-0: Swinging Strike
1-1: Ball
2-1: Called Strike
2-2: Strikes out looking
Batting: RHB Darrell MacGregor 0-0: SINGLE (Groundball, 56D, EV 96.2 MPH)
Batting: LHB Jason Durkin 0-0: Ball
1-0: Ball
Wild Pitch!
Darrell MacGregor to second
2-0: Ball
3-0: Base on Balls
Batting: RHB Yoshitora Nakayama 0-0: Called Strike
0-1: Called Strike
0-2: Ball
1-2: Foul Ball, location: 2F
1-2: Foul Ball, location: 2F
1-2: SINGLE (Groundball, 6, EV 91.9 MPH) (infield hit)
Darrell MacGregor to third
Jason Durkin to second
Batting: LHB Vance Lee 0-0: Ball
1-0: Ball
2-0: Ball
3-0: Called Strike
3-1: GRAND SLAM HOME RUN (Flyball, 9LD, EV 86.9 MPH), Distance : 330 ft
Batting: LHB Royce Rolls 0-0: Called Strike
0-1: Foul Ball, location: 2F
0-2: Foul Ball, location: 2F
0-2: Strikes out swinging
Pitching: LHP Steve Cox
Batting: RHB Charles Stevenson 0-0: Ball
1-0: Ball
2-0: Called Strike
2-1: Ball
3-1: Base on Balls
Batting: LHB Pedro Delava 0-0: Called Strike
0-1: Ball
1-1: Swinging Strike
1-2: Ball
2-2: Ball
3-2: Foul Ball, location: 2F
3-2: Foul Ball, location: 2F
3-2: SINGLE (Popup, 34D, EV 47.5 MPH)
Charles Stevenson to second
Charles Stevenson to third
Batting: RHB Rickey Ritter 0-0: Ground out 1-3 (Groundball, 34S, EV 84.4 MPH)
Top of the 3rd over - 4 runs, 4 hits, 0 errors, 2 left on base; Tennessee 4 - Pontiac 3
BOTTOM OF THE 3RD
Pontiac Godfathers batting - Pitching for Tennessee Smokies : RHP Alfredo Rincón
Batting: LHB Brad Dyer 0-0: Called Strike
0-1: Fly out, F7 (Flyball, 7LSF, EV 90.0 MPH)
Batting: RHB John Williams 0-0: Ball
1-0: Foul Ball, location: 2F
1-1: Foul Ball, location: 2F
1-2: Ball
2-2: Ground out 6-3 (Groundball, 6, EV 91.9 MPH)
Batting: RHB Pancho Achio 0-0: Ball
1-0: Ground out 6-3 (Groundball, 6, EV 83.1 MPH)
Bottom of the 3rd over - 0 runs, 0 hits, 0 errors, 0 left on base; Tennessee 4 - Pontiac 3
TOP OF THE 4TH
Tennessee Smokies batting - Pitching for Pontiac Godfathers : LHP Steve Cox
Batting: RHB Dave Dickey 0-0: Ball
1-0: Swinging Strike
1-1: Ball
2-1: Fly out, F8 (Line Drive, 8LM, EV 87.5 MPH)
Batting: RHB Darrell MacGregor 0-0: Called Strike
0-1: Called Strike
0-2: Ball
1-2: Ball
2-2: Strikes out swinging
Batting: LHB Jason Durkin 0-0: Ball
1-0: Ball
2-0: TRIPLE (Line Drive, 78XD, EV 108.8 MPH)
Batting: RHB Yoshitora Nakayama 0-0: Ball
1-0: Ball
2-0: Called Strike
2-1: Ground out 4-3 (Groundball, 34, EV 88.8 MPH)
Top of the 4th over - 0 runs, 1 hit, 0 errors, 1 left on base; Tennessee 4 - Pontiac 3
BOTTOM OF THE 4TH
Pontiac Godfathers batting - Pitching for Tennessee Smokies : RHP Alfredo Rincón
Batting: SHB Mike Sherman 0-0: Foul Ball, location: 2F
0-1: Ball
1-1: Foul Ball, location: 2F
1-2: Ball
2-2: Reached on error, E1 (Groundball, 15, EV 87.5 MPH)
Batting: LHB Nathaniel Gordon 0-0: Called Strike
0-1: Ball
1-1: Ball
2-1: Ground out U3 (Groundball, 3, EV 86.9 MPH)
Mike Sherman to third
Batting: RHB Rich Pope 0-0: Ball
1-0: Foul Ball, location: 2F
1-1: Ball
2-1: Foul Ball, location: 2F
2-2: Ball
3-2: DOUBLE (Line Drive, 9LM, EV 99.4 MPH)
Mike Sherman scores
Batting: RHB Santiago Tirado 0-0: Ball
1-0: Foul Ball, location: 2F
1-1: SINGLE (Groundball, 4MD, EV 101.2 MPH)
Rich Pope to third
Runner from 3rd tries for Home, SAFE, throw by CF to home
Batting: RHB Gary Bly 0-0: Grounds into double play, 5-4-3 (Groundball, 56S, EV 91.9 MPH)
Bottom of the 4th over - 2 runs, 2 hits, 1 error, 0 left on base; Tennessee 4 - Pontiac 5
TOP OF THE 5TH
Tennessee Smokies batting - Pitching for Pontiac Godfathers : LHP Steve Cox
Batting: LHB Vance Lee 0-0: Foul Ball, location: 2F
0-1: Called Strike
0-2: Strikes out swinging
Batting: LHB Royce Rolls 0-0: Ball
1-0: Fly out, F3 (Line Drive, 3, EV 66.9 MPH)
Batting: RHB Charles Stevenson 0-0: Ball
1-0: Fly out, F8 (Line Drive, 8RM, EV 109.4 MPH)
Top of the 5th over - 0 runs, 0 hits, 0 errors, 0 left on base; Tennessee 4 - Pontiac 5
BOTTOM OF THE 5TH
Pontiac Godfathers batting - Pitching for Tennessee Smokies : RHP Alfredo Rincón
Batting: RHB José Rivera 0-0: Ball
1-0: Called Strike
1-1: Ball
2-1: DOUBLE (Line Drive, 7LS, EV 104.4 MPH)
Batting: LHB Brad Dyer 0-0: Called Strike
0-1: Swinging Strike
0-2: Ball
1-2: Foul Ball, location: 2F
1-2: Ball
2-2: Foul Ball, location: 2F
2-2: Foul Ball, location: 2F
2-2: Strikes out swinging
Batting: RHB John Williams 0-0: Called Strike
0-1: Foul Ball, location: 2F
0-2: Ball
1-2: Ball
2-2: SINGLE (Line Drive, 7LS, EV 100.6 MPH)
José Rivera to third
Batting: RHB Pancho Achio 0-0: SINGLE (Line Drive, 9S, EV 95.0 MPH)
José Rivera scores
John Williams to second
Pitching: LHP Stu Sutherland
Batting: SHB Mike Sherman 0-0: Foul Ball, location: 2F
0-1: Fielders Choice at 2nd, 6-4 (Groundball, 56, EV 78.1 MPH)
John Williams to third
Batting: LHB Nathaniel Gordon 0-0: Ball
1-0: Fielders Choice at 2nd, 5-4 (Groundball, 56, EV 103.8 MPH)
Bottom of the 5th over - 1 run, 3 hits, 0 errors, 2 left on base; Tennessee 4 - Pontiac 6
TOP OF THE 6TH
Tennessee Smokies batting - Pitching for Pontiac Godfathers : LHP Steve Cox
Batting: LHB Pedro Delava 0-0: Ball
1-0: Foul Ball, location: 2F
1-1: Swinging Strike
1-2: Foul Ball, location: 2F
1-2: Foul Ball, location: 2F
1-2: Ball
2-2: Strikes out looking
Batting: RHB Rickey Ritter 0-0: Called Strike
0-1: DOUBLE (Groundball, 5L, EV 101.9 MPH)
Pitching: LHP Gustavo Álvarez
Batting: RHB Dave Dickey 0-0: Ground out 3-1 (Groundball, 34, EV 78.8 MPH)
Rickey Ritter to third
Batting: RHB Darrell MacGregor 0-0: Ball
1-0: Called Strike
1-1: Ball
2-1: Ground out 6-3 (Groundball, 6, EV 90.6 MPH)
Top of the 6th over - 0 runs, 1 hit, 0 errors, 1 left on base; Tennessee 4 - Pontiac 6
BOTTOM OF THE 6TH
Pontiac Godfathers batting - Pitching for Tennessee Smokies : LHP Stu Sutherland
Batting: RHB Rich Pope 0-0: Foul Ball, location: 2F
0-1: Ball
1-1: Ball
2-1: Called Strike
2-2: Foul Ball, location: 2F
2-2: Strikes out swinging
Batting: RHB Santiago Tirado 0-0: Foul Ball, location: 2F
0-1: Ball
1-1: SINGLE (Groundball, 56D, EV 97.5 MPH)
Batting: RHB Gary Bly 0-0: Ball
1-0: Called Strike
1-1: Ball
2-1: SINGLE (Groundball, 4MD, EV 94.4 MPH)
Santiago Tirado to second
Batting: RHB José Rivera 0-0: Called Strike
0-1: Called Strike
0-2: Ball
1-2: Foul Ball, location: 2F
1-2: Ball
2-2: Ball
3-2: Base on Balls
Santiago Tirado to third
Gary Bly to second
Pitching: RHP Martín Colón
Batting: LHB Brad Dyer 0-0: Ball
1-0: GRAND SLAM HOME RUN (Line Drive, 9LD, EV 107.5 MPH), Distance : 330 ft
Batting: RHB John Williams 0-0: Called Strike
0-1: Called Strike
0-2: DOUBLE (Flyball, 7LD, EV 99.4 MPH)
Batting: RHB Pancho Achio 0-0: Ball
1-0: Called Strike
1-1: Ground out 5-3 (Groundball, 25, EV 86.2 MPH)
Batting: SHB Mike Sherman 0-0: Ball
1-0: Ground out 4-3 (Groundball, 3D, EV 110.6 MPH)
Bottom of the 6th over - 4 runs, 4 hits, 0 errors, 1 left on base; Tennessee 4 - Pontiac 10
TOP OF THE 7TH
Tennessee Smokies batting - Pitching for Pontiac Godfathers : LHP Gustavo Álvarez
Batting: LHB Jason Durkin 0-0: SINGLE (Groundball, 34, EV 96.9 MPH)
Batting: RHB Yoshitora Nakayama 0-0: Ball
1-0: Called Strike
1-1: Ball
2-1: Foul Ball, location: 2F
2-2: Ball
3-2: SINGLE (Groundball, 6MD, EV 98.1 MPH)
Jason Durkin to second
Batting: LHB Vance Lee 0-0: Called Strike
0-1: Fielders Choice at 2nd, 5-4 (Groundball, 56, EV 78.8 MPH)
Jason Durkin to third
Batting: LHB Royce Rolls 0-0: Ball
1-0: Ball
2-0: Ball
Passed Ball!
Jason Durkin scores
Vance Lee to second
3-0: Base on Balls
Batting: RHB Charles Stevenson 0-0: Foul Ball, location: 2F
0-1: Ball
1-1: Ball
2-1: Swinging Strike
2-2: Ball
3-2: Strikes out looking
Batting: LHB Pedro Delava 0-0: Called Strike
0-1: Called Strike
0-2: Ball
1-2: Strikes out swinging
Top of the 7th over - 1 run, 2 hits, 0 errors, 2 left on base; Tennessee 5 - Pontiac 10
BOTTOM OF THE 7TH
Pontiac Godfathers batting - Pitching for Tennessee Smokies : RHP Martín Colón
Batting: LHB Nathaniel Gordon 0-0: Called Strike
0-1: Foul Ball, location: 2F
0-2: Ball
1-2: Foul Ball, location: 2F
1-2: Ground out 4-3 (Groundball, 4, EV 86.2 MPH)
Batting: RHB Rich Pope 0-0: Fly out, F6 (Line Drive, 6, EV 76.2 MPH)
Batting: RHB Santiago Tirado 0-0: Ball
1-0: Ball
2-0: Called Strike
2-1: SINGLE (Groundball, 4, EV 85.6 MPH) (infield hit)
Batting: RHB Gary Bly 0-0: Called Strike
Santiago Tirado is caught stealing 2nd base 2-4
Bottom of the 7th over - 0 runs, 1 hit, 0 errors, 0 left on base; Tennessee 5 - Pontiac 10
TOP OF THE 8TH
Tennessee Smokies batting - Pitching for Pontiac Godfathers : LHP Gustavo Álvarez
Batting: RHB Rickey Ritter 0-0: Foul Ball, location: 2F
0-1: Ball
1-1: Fly out, F8 (Flyball, 78D, EV 101.9 MPH)
Batting: RHB Dave Dickey 0-0: Foul Ball, location: 2F
0-1: Ball
1-1: Called Strike
1-2: Strikes out swinging, 2-3 out at first.
Batting: RHB Darrell MacGregor 0-0: Foul Ball, location: 2F
0-1: Fly out, F2 (Popup, 2RF, EV 86.9 MPH)
Top of the 8th over - 0 runs, 0 hits, 0 errors, 0 left on base; Tennessee 5 - Pontiac 10
BOTTOM OF THE 8TH
Pontiac Godfathers batting - Pitching for Tennessee Smokies : RHP Martín Colón
Batting: RHB Gary Bly 0-0: Ball
1-0: Called Strike
1-1: DOUBLE (Groundball, 5L, EV 101.9 MPH)
Batting: RHB José Rivera 0-0: Foul Ball, location: 2F
0-1: Ball
1-1: Called Strike
1-2: Foul Ball, location: 2F
1-2: Strikes out looking
Batting: LHB Brad Dyer 0-0: Ball
1-0: Swinging Strike
1-1: Ball
2-1: Swinging Strike
2-2: Foul Ball, location: 2F
2-2: Ball
3-2: Strikes out swinging
Batting: RHB John Williams 0-0: Swinging Strike
0-1: Ball
1-1: Ground out 5-3 (Groundball, 56, EV 88.8 MPH)
Bottom of the 8th over - 0 runs, 1 hit, 0 errors, 1 left on base; Tennessee 5 - Pontiac 10
TOP OF THE 9TH
Tennessee Smokies batting - Pitching for Pontiac Godfathers : LHP Gustavo Álvarez
Batting: LHB Jason Durkin 0-0: SOLO HOME RUN (Flyball, 89XD, EV 103.1 MPH), Distance : 378 ft
Batting: RHB Yoshitora Nakayama 0-0: Ball
1-0: Foul Ball, location: 2F
1-1: Ground out 6-3 (Groundball, 6, EV 81.9 MPH)
Pitching: RHP Reynaldo Benítez
Batting: LHB Vance Lee 0-0: Ball
1-0: Foul Ball, location: 2F
1-1: Foul Ball, location: 2F
1-2: Ball
2-2: Foul Ball, location: 2F
2-2: Ground out 4-3 (Groundball, 34, EV 91.9 MPH)
Batting: LHB Royce Rolls 0-0: SINGLE (Groundball, 4MD, EV 95.0 MPH)
Batting: RHB Charles Stevenson 0-0: Fielders Choice at 2nd, 6-4 (Groundball, 6, EV 78.1 MPH)
Top of the 9th over - 1 run, 2 hits, 0 errors, 1 left on base; Tennessee 6 - Pontiac 10
Friday, March 26th, 2021 - OOTP Baseball 20.8 Build 74